[Event "Late-Titled-Tuesday-Blitz-July-09-2024"]
[Site "Chess.com"]
[Date "2024.07.09"]
[Round "3"]
[White "chessuriel"]
[Black "Redzishchess"]
[Result "0-1"]
[WhiteElo "2270"]
[BlackElo "2468"]
[TimeControl "180+1"]
[EndTime "14:27:42 PDT"]
[Termination "Redzishchess won by resignation"]

1. e4 c5 2. Nf3 d6 3. Bb5+ Bd7 4.
Bxd7+ Nxd7 5. b3 e5 6. O-O g6 7. c3 Bg7 8. Bb2 Ne7 9. Na3 O-O 10. Nc2 f5 11. Ng5 Rf6 12. d4 h6 13. dxe5 dxe5 14.
Nf3 fxe4 15. Nd2 Rd6 16. Qe2 Nf6 17. Nc4 Re6 18. Rad1 Qc7 19. a4 Nf5 20. N2e3 Rf8 21. Nd5 Nxd5 22. Rxd5 Qc6 23. Rfd1 Nd4 24. Qxe4 Kh7 25.
Na5 Qa6 26. cxd4 exd4 27. Qd3 Qxd3 0-1

[Event "Late-Titled-Tuesday-Blitz-July-09-2024"]
[Site "Chess.com"]
[Date "2024.07.09"]
[Round "3"]
[White "toninhojit"]
[Black "RebecaJimnz"]
[Result "0-1"]
[WhiteElo "2490"]
[BlackElo "2299"]
[TimeControl "180+1"]
[EndTime "14:27:44 PDT"]
[Termination "RebecaJimnz won by resignation"]

1. d4 d5 2. c4 c6 3. Nf3 Nf6 4. e3 e6 5. Be2 dxc4 6. a4 Nbd7 7. Nbd2 b5 8. O-O Be7 9. Qc2 Bb7 10. b3 cxb3 11. Nxb3 Rc8 12. Qb1 a6 13. Rd1 O-O 14. Ba3 b4 15. Bb2 a5 16. Ne5 Qb6 17. Nc4 Qa7 18. Ncxa5 Ba8 19. Rc1 c5 20. dxc5 Nxc5 21. Nxc5 Rxc5 22. Nb3 Rg5 23. Bf1 Qb7 24. e4 Nxe4 25.
f3 Nc3 26. Qd3 Qxf3 27. Qxf3 Bxf3 28. Bxc3 bxc3 29. a5 Bd5 30. Rab1 c2 31. Rxc2 Be4 32.
Rbb2 Bxc2 33. Rxc2 Rb8 34. Nc5 Rxc5 0-1

[Event "Late-Titled-Tuesday-Blitz-July-09-2024"]
[Site "Chess.com"]
[Date "2024.07.09"]
[Round "3"]
[White "Sanyura"]
[Black "mbojan"]
[Result "0-1"]
[WhiteElo "2689"]
[BlackElo "2926"]
[TimeControl "180+1"]
[EndTime "14:27:46 PDT"]
[Termination "mbojan won on time"]

1. Nf3 g6 2. g3 Bg7 3. Bg2 d6 4.
O-O Bd7 5. d3 Qc8 6. e4 Bh3 7.
Nc3 h5 8. Nd5 Bxg2 9. Kxg2 c6 10. Nf4 Nd7 11. c3 e5 12. Ne2 Ngf6 13. Bg5 O-O 14.
Qd2 d5 15. exd5 cxd5 16. Rfe1 Re8 17. Bh6 Bh8 18. Rad1 Qc6 19. b3 Ng4 20. h3 Nxh6 21.
Qxh6 Bg7 22. Qg5 Rac8 23. c4 d4 24. Ng1 Re6 25. Kh2 Rce8 26. Qd2 b6 27. Qe2 Bh6 28.
Nd2 a5 29. a3 Nc5 30. b4 axb4 31. axb4 Na4 32. Nb1 Nc3 33. Nxc3 dxc3 34. Ra1 Bd2 35. Rf1 e4 36. d4 Qc7 37. d5 R6e7 38. h4 e3 39. f4 c2 40. Nf3 Re4 41. c5 bxc5 42. b5 c1=Q 43. Raxc1 Bxc1 44. Rxc1 Rb4 45. Ne5 Qd6 46.
Nc4 Qxd5 0-1

[Event "Late-Titled-Tuesday-Blitz-July-09-2024"]
[Site "Chess.com"]
[Date "2024.07.09"]
[Round "3"]
[White "yujiarun18"]
[Black "myburger"]
[Result "0-1"]
[WhiteElo "2236"]
[BlackElo "2539"]
[TimeControl "180+1"]
[EndTime "14:27:48 PDT"]
[Termination "myburger won by resignation"]

1. e4 c5 2. Nf3 d6 3. d4 cxd4 4. Nxd4 Nf6 5. Nc3 e5 6. Nb3 Nc6 7. f3 Be7 8. Be3 O-O 9. Qd2 Be6 10. g4 h5 11. gxh5 Nxh5 12. O-O-O a6 13. Rg1 Rc8 14. Bh6 Re8 15. f4 Bxb3 16. cxb3 Bf8 17. f5 Nd4 18. Be2 Nxe2+ 19. Qxe2 Qh4 20. Bg5 Nf4 21. Qe3 Qh5 22.
Kb1 Nh3 23. Rg3 Rxc3 24. bxc3 Qxd1+ 25. Kb2 Nf4 26. Bxf4 exf4 27. Qxf4 Qe2+ 28. Kb1 Qe1+ 29. Kb2 Rxe4 30. Qh6 Qxg3 0-1

[Event "Late-Titled-Tuesday-Blitz-July-09-2024"]
[Site "Chess.com"]
[Date "2024.07.09"]
[Round "3"]
[White "SRob2003"]
[Black "OparinGrigoriy"]
[Result "0-1"]
[WhiteElo "2707"]
[BlackElo "3008"]
[TimeControl "180+1"]
[EndTime "14:27:50 PDT"]
[Termination "OparinGrigoriy won by checkmate"]

1. c4 e6 2. g3 d5 3. Bg2 dxc4 4. Qa4+ c6 5. Qxc4 b5 6. Qb3 Bb7 7. Nh3 Nd7 8. O-O a6 9. d4 Ngf6 10. a4 Be7 11. Nf4 Nd5 12. axb5 axb5 13. Rxa8 Qxa8 14. Nxd5 exd5 15. e4 dxe4 16. Bxe4 O-O 17. Nc3 Nf6 18.
Bg2 Rd8 19. Re1 Re8 20. Bf4 h6 21. h3 Bf8 22. Rxe8 Qxe8 23. Be3 Qd7 24. Kh2 b4 25. Ne4 Nd5 26. Nc5 Bxc5 27. dxc5 Nxe3 28. Qxe3 Ba6 29. Qe4 Bb5 30. Qxb4 Qf5 31. Qd4 g5 32. b4 h5 33. h4 gxh4 34. gxh4 f6 35. Kg3 Kg7 36. Bh3 Qg6+ 37. Kh2 Qc2 38. Qd7+ Kh6 39. Qd4 Kg7 40. Be6 Qe2 41. Bf5 Bc4 42. Qd7+ Bf7 43. Qxc6 Qe5+ 44.
Kg1 Qxf5 45. b5 Bd5 46. Qc7+ Kh6 47. b6 Qf3 48. Qh2 Qd1# 0-1

[Event "Late-Titled-Tuesday-Blitz-July-09-2024"]
[Site "Chess.com"]
[Date "2024.07.09"]
[Round "3"]
[White "PawnEatingZombie"]
[Black "IMVadim"]
[Result "1/2-1/2"]
[WhiteElo "2279"]
[BlackElo "2443"]
[TimeControl "180+1"]
[EndTime "14:27:51 PDT"]
[Termination "Game drawn by agreement"]

1. Nf3 Nf6 2. g3 g6 3. Bg2 Bg7 4. O-O O-O 5. d3 d5 6. Nbd2 c5 7. c3 Nc6 8. Qc2 b6 9. e4 e6 10. a3 Bb7 11. Rb1 Rc8 12. Re1 Re8 13. h3 Bf8 14.
Nf1 h6 15. N1h2 Kh7 16. Ng4 Nxg4 17. hxg4 Bg7 18. g5 h5 19. Bd2 Ba6 20. Bf1 Qc7 21. Rbd1 Rcd8 22. Bc1 dxe4 23. dxe4 Bxf1 24. Kxf1 Rxd1 25.
Rxd1 Rd8 26. Kg2 Rxd1 27. Qxd1 Qd8 28. Qxd8 Nxd8 29. Kf1 Kg8 30. Ke2 Kf8 31. Kd3 Ke7 32.
Kc4 Kd7 33. Kb5 Nc6 34. a4 e5 35. Nd2 Na5 36. Nc4 Nxc4 37. Kxc4 Kc6 38. b4 Bf8 39. b5+ Kd6 40. Be3 Be7 41. a5 Bd8 42. a6 Be7 43. f3 Kc7 44. Kd5 Bd6 45. f4 exf4 46. gxf4 h4 47. e5 Be7 48. Bg1 Kd7 49. Bh2 Bd8 50.
Bg1 Bc7 51. Bh2 Bb8 52. Bg1 Bc7 53. Bh2 1/2-1/2

[Event "Late-Titled-Tuesday-Blitz-July-09-2024"]
[Site "Chess.com"]
[Date "2024.07.09"]
[Round "3"]
[White "Truequitos"]
[Black "NowInChess"]
[Result "1-0"]
[WhiteElo "2544"]
[BlackElo "2215"]
[TimeControl "180+1"]
[EndTime "14:27:52 PDT"]
[Termination "Truequitos won on time"]

1. Nf3 Nf6 2. g4 Nxg4 3. e4 d6 4. Bc4 Ne5 5. Nxe5 dxe5 6. Qh5 e6 7. Qxe5 Nc6 8. Qg3 Qf6 9. c3 Bd6 10. Qg2 Ne5 11. Be2 Qg6 12. O-O Qxg2+ 13. Kxg2 Ng6 14. d4 Nf4+ 15. Kf3 Nxe2 16. Kxe2 e5 17. f4 f6 18. Na3 b6 19. Nc4 Ba6 20. b3 O-O-O 21. Rg1 g6 22. fxe5 fxe5 23. Ke3 exd4+ 24. cxd4 Bxc4 25. bxc4 Bxh2 26. Rh1 Bg3 27. e5 Rhe8 28. Rxh7 Rxd4 29. Kxd4 Bxe5+ 30. Kd5 Bxa1 31. Bf4 Rd8+ 32. Kc6 Re8 33. Rxc7+ Kd8 34. Bg5+ 1-0

[Event "Late-Titled-Tuesday-Blitz-July-09-2024"]
[Site "Chess.com"]
[Date "2024.07.09"]
[Round "3"]
[White "bazar-wokzal"]
[Black "BaylavChess"]
[Result "1-0"]
[WhiteElo "2622"]
[BlackElo "2415"]
[TimeControl "180+1"]
[EndTime "14:27:53 PDT"]
[Termination "bazar-wokzal won by checkmate"]

1. e4 c5 2. c3 d5 3. exd5 Qxd5 4. d4 Nf6 5. Nf3 Bg4 6. dxc5 Qxd1+ 7. Kxd1 e5 8. b4 e4 9. h3 exf3 10. hxg4 Nxg4 11.
Rh4 h5 12. gxf3 Be7 13. Rxg4 hxg4 14. fxg4 Nc6 15. Na3 O-O-O+ 16. Ke2 Bf6 17. Nb5 Be5 18. f4 Rh2+ 19. Kf3 a6 20. fxe5 axb5 21. Bxb5 Nxe5+ 22. Kg3 Rc2 23. Bf4 Rxc3+ 24. Kg2 Nxg4 25. Re1 Rd4 26. Re8+ Rd8 27. Re7 Rf8 28. Rc7+ Kd8 29. Rxb7 Ne3+ 30.
Kf2 Nf5 31. Rb8+ Ke7 32. Bd6+ Nxd6 33. cxd6+ Kxd6 34. Rxf8 Rc2+ 35. Ke3 Rxa2 36. Rxf7 Rb2 37. Rf4 Rb3+ 38. Kd2 g5 39. Rg4 Kc7 40. Kc2 Rf3 41.
Rxg5 Rf4 42. Kb3 Kb6 43. Bc4 Rf3+ 44. Ka4 Rf2 45. Rg6+ Kb7 46. b5 Rf4 47. Kb4 Rh4 48. Kc5 Rh5+ 49. Bd5+ Kc7 50. b6+ Kb8 51. Rg8# 1-0

[Event "Late-Titled-Tuesday-Blitz-July-09-2024"]
[Site "Chess.com"]
[Date "2024.07.09"]
[Round "3"]
[White "Andreikka"]
[Black "annasargsyan_m"]
[Result "1-0"]
[WhiteElo "3005"]
[BlackElo "2691"]
[TimeControl "180+1"]
[EndTime "14:27:55 PDT"]
[Termination "Andreikka won by resignation"]

1. Nf3 Nf6 2. b3 g6 3. Bb2 Bg7 4. c4 O-O 5. g3 b6 6. Bg2 Bb7 7. O-O d5 8. cxd5 Bxd5 9. Nc3 Bb7 10. d4 Nbd7 11. Qc2 Rc8 12. Rad1 e6 13. e4 Re8 14.
Rfe1 Qe7 15. d5 exd5 16. e5 Ng4 17. Nxd5 Qc5 18. Qxc5 Nxc5 19. h3 Nh6 20. g4 Ne6 21.
Bc1 Kh8 22. Nf6 Red8 23. Ng5 Bxg2 24. Kxg2 Rxd1 25. Rxd1 Rd8 26. Rxd8+ Nxd8 27. Kf3 Ng8 28. Bb2 h6 29. Nge4 Ne6 30. Ke3 Ne7 31. f4 Bxf6 32. Nxf6 Kg7 33. Ba3 c5 34. Ke4 g5 35. Nh5+ Kf8 36.
f5 Nd4 37. Bb2 Ndc6 38. Bc3 b5 39. Nf6 b4 40. Be1 Nd4 41. Nd7+ Ke8 42. Nxc5 Nc2 43. Bd2 Nc6 44. Kd5 Ne7+ 45. Kc4 Nc6 46. Nd3 a5 47. Kc5 Kd7 48. Kb6 N6d4 49. Kxa5 Nf3 50. Bxb4 Ng1 51. Nf2 Nd4 52. Kb6 Ndf3 53. Bc3 1-0

[Event "Late-Titled-Tuesday-Blitz-July-09-2024"]
[Site "Chess.com"]
[Date "2024.07.09"]
[Round "3"]
[White "subham777"]
[Black "IlanSchnaider"]
[Result "0-1"]
[WhiteElo "2564"]
[BlackElo "2843"]
[TimeControl "180+1"]
[EndTime "14:27:56 PDT"]
[Termination "IlanSchnaider won by resignation"]

1. e4 e5 2. Nf3 Nc6 3. Bc4 Nf6 4. d3 Bc5 5. c3 d6 6. Nbd2 a5 7. Nf1 Be6 8. Bb3 Bxb3 9. axb3 d5 10. Qe2 O-O 11. Ng3 Qd7 12. Bg5 Ne8 13. O-O h6 14. Be3 Bxe3 15. fxe3 Nf6 16. exd5 Nxd5 17. Rad1 Qe6 18.
Qf2 Nce7 19. e4 Nf4 20. Nxe5 Nxg2 21. Kxg2 Qxe5 22. Qf4 Qxf4 23. Rxf4 a4 24. bxa4 Rxa4 25. Rdf1 Ng6 26. R4f2 Ra2 27. d4 f6 28. Nf5 Re8 29. Re2 Kh7 30. Kg3 Re6 31. h4 h5 32. Rff2 Ra1 33. Rg2 Rf1 34. Rgf2 Rg1+ 35. Kf3 Rg4 36.
Rh2 Rf4+ 37. Kg2 Rxf5 0-1

[Event "Late-Titled-Tuesday-Blitz-July-09-2024"]
[Site "Chess.com"]
[Date "2024.07.09"]
[Round "3"]
[White "WildTricks"]
[Black "ChristopherYoo"]
[Result "0-1"]
[WhiteElo "2708"]
[BlackElo "3032"]
[TimeControl "180+1"]
[EndTime "14:27:58 PDT"]
[Termination "ChristopherYoo won by resignation"]

1. e4 Nc6 2. Nf3 e5 3. Bc4 Nf6 4. d3 a6 5. a4 h6 6. h3 g6 7. c3 Bg7 8. O-O d5 9. exd5 Nxd5 10.
Re1 O-O 11. Nbd2 Nb6 12. a5 Nxc4 13. Nxc4 Re8 14. Qe2 Bf5 15. Rd1 Qd7 16. Ne3 Be6 17. Bd2 Rad8 18. Be1 Bb3 19. Rd2 f5 20. Nh2 Qe6 21. Nc2 h5 22. Nf3 Bh6 23. Rdd1 g5 24. h4 g4 25. Ng5 Qg6 26. Ra3 Bd5 27. Ne3 Bxg5 28. hxg5 Qxg5 29. Nxd5 Rxd5 30. Qc2 Kg7 31. Qb3 Rb5 32. Qc2 f4 33. c4 Nd4 34. Qa4 Qh4 35. cxb5 f3 36. bxa6 Ne2+ 0-1

[Event "Late-Titled-Tuesday-Blitz-July-09-2024"]
[Site "Chess.com"]
[Date "2024.07.09"]
[Round "3"]
[White "Mbneu"]
[Black "Road2GM3000"]
[Result "1-0"]
[WhiteElo "2262"]
[BlackElo "2387"]
[TimeControl "180+1"]
[EndTime "14:28:00 PDT"]
[Termination "Mbneu won by resignation"]

1. d4 d5 2. c4 c6 3. Nc3 Nf6 4. Nf3 a6 5. g3 Bf5 6. Bg2 e6 7. O-O Nbd7 8. Nd2 Be7 9. Re1 O-O 10. e4 dxe4 11. Ndxe4 Nxe4 12. Nxe4 Nf6 13. Nc3 Qd7 14. Be3 Rfd8 15. Qb3 Rab8 16. Rad1 b5 17. c5 Nd5 18.
Nxd5 exd5 19. Bf4 Rbc8 20. a4 Re8 21. axb5 axb5 22. Ra1 Ra8 23. Ra3 Qb7 24. Rea1 Rxa3 25. Qxa3 h6 26. Qa7 Qc8 27. Be5 Bf6 28. Bxf6 gxf6 29.
Qb6 Qe6 30. h4 Kg7 31. Ra7 Qe1+ 32. Kh2 Qxf2 33. Qc7 Rf8 34. Qf4 Qxf4 35. gxf4 Re8 36. Rc7 Re2 37. Kg3 Rxb2 38. Rxc6 Rd2 39. Rd6 Rd3+ 40.
Kh2 Rxd4 41. Rxd5 Rxf4 42. c6 Rxh4+ 43. Kg1 Rg4 44. Rxf5 b4 45. Rb5 Rc4 46. Bd5 Rd4 47. Rc5 b3 48. Bxb3 Rb4 1-0

[Event "Late-Titled-Tuesday-Blitz-July-09-2024"]
[Site "Chess.com"]
[Date "2024.07.09"]
[Round "3"]
[White "katharinareinecke"]
[Black "GiorgianBarbosa"]
[Result "0-1"]
[WhiteElo "2096"]
[BlackElo "2519"]
[TimeControl "180+1"]
[EndTime "14:28:01 PDT"]
[Termination "GiorgianBarbosa won by resignation"]

1. d4 Nf6 2. Nf3 e6 3. g3 d5 4. Bg2 Be7 5. O-O O-O 6. c4 a5 7. b3 c6 8. Bb2 b6 9. cxd5 cxd5 10. Nc3 Ba6 11. Re1 Nc6 12. Rc1 Rc8 13. e3 Nb4 14. Ne5 Nd7 15. a3 Nxe5 16. axb4 Nd3 17. b5 Nxe1 18. Qxe1 Bb7 19. Na4 Bb4 20. Qd1 Qd6 21. Bf1 Rxc1 22. Qxc1 Rc8 23. Qb1 g6 24. Qd3 h5 25. Bc3 Bxc3 26. Nxc3 Rc7 27. Ne2 Bc8 28. Nf4 Kg7 29. Be2 Bd7 30. g4 hxg4 31. Bxg4 e5 32. dxe5 Qxe5 33. Bf3 Rc5 34. Nxd5 Bxb5 35.
Qd4 Rc1+ 36. Kg2 Bf1+ 37. Kg1 Qxd4 38. exd4 Bh3+ 0-1

[Event "Late-Titled-Tuesday-Blitz-July-09-2024"]
[Site "Chess.com"]
[Date "2024.07.09"]
[Round "3"]
[White "Ash15K"]
[Black "Noki102"]
[Result "0-1"]
[WhiteElo "2301"]
[BlackElo "2554"]
[TimeControl "180+1"]
[EndTime "14:28:06 PDT"]
[Termination "Noki102 won on time"]

1. e4 b6 2. d4 Bb7 3. Nc3 Nf6 4. e5 Ne4 5. Qf3 Nxc3 6. Qxb7 Nc6 7. bxc3 a6 8. d5 Na5 9. Qxa6 Rxa6 10. Bxa6 Qa8 11. Bd3 Qxd5 12. Nf3 g6 13. O-O Bg7 14. Bf4 O-O 15. Rfd1 Qc5 16. Be3 Qxc3 17. Bd4 Qa3 18. Nd2 c5 19. Nb1 Qb4 20. Bc3 Qg4 21. f3 Qe6 22. Re1 Nc6 23. f4 Ra8 24. Nd2 Nb4 25. Be4 Ra7 26. a3 Nd5 27. Bxd5 Qxd5 28. Ne4 Qc4 29. Kf2 h6 30. Kf3 d5 31. exd6 Bxc3 32. dxe7 Rxe7 33. Nf6+ Bxf6 0-1

[Event "Late-Titled-Tuesday-Blitz-July-09-2024"]
[Site "Chess.com"]
[Date "2024.07.09"]
[Round "3"]
[White "solofon"]
[Black "PapaieDudu"]
[Result "1-0"]
[WhiteElo "2588"]
[BlackElo "2413"]
[TimeControl "180+1"]
[EndTime "14:28:08 PDT"]
[Termination "solofon won by resignation"]

1. e4 c5 2. Nc3 a6 3. g3 Nc6 4. Bg2 e6 5. d3 d6 6. f4 Nf6 7.
Nf3 Be7 8. O-O O-O 9. Kh1 b5 10. Qe2 Bb7 11. Be3 Rc8 12. e5 Nd5 13. Nxd5 exd5 14. c3 d4 15. cxd4 cxd4 16. Nxd4 Nxd4 17. Bxd4 Bxg2+ 18. Kxg2 dxe5 19. Bxe5 Qd5+ 20. Kh3 Qe6+ 21.
Qg4 Qxg4+ 22. Kxg4 Rfd8 23. Rad1 Rc2 24. a3 Rxh2 25.
Bc3 g6 26. d4 Bf6 27. Kf3 h5 28. Rf2 Rxf2+ 29. Kxf2 Kg7 30. Kf3 g5 31. fxg5 Bxg5 32. d5+ Bf6 33. Bxf6+ Kxf6 34. Ke4 Kg5 35. Rf1 Kg4 36.
Rxf7 Kxg3 37. Ke5 h4 38. Rg7+ Kf3 39. d6 h3 40. Rh7 Kg2 41. Ke6 h2 42. Ke7 Ra8 43.
d7 h1=Q 44. Rxh1 Kxh1 45. d8=Q Rxd8 46. Kxd8 Kg2 47. Kc7 Kf3 48. Kb6 Ke4 49. Kxa6 b4 50. axb4 Kd5 51. b5 Kd6 52. Ka7 Kc7 53. b6+ Kc6 54.
b7 Kb5 55. b8=Q+ Ka5 56. b4+ Ka4 57. b5 Ka5 58. Qb6+ Ka4 1-0

[Event "Late-Titled-Tuesday-Blitz-July-09-2024"]
[Site "Chess.com"]
[Date "2024.07.09"]
[Round "3"]
[White "EsmeraldasAnderson03"]
[Black "glucolisis04"]
[Result "1-0"]
[WhiteElo "2536"]
[BlackElo "2292"]
[TimeControl "180+1"]
[EndTime "14:28:08 PDT"]
[Termination "EsmeraldasAnderson03 won by resignation"]

1. d4 Nf6 2. c4 e6 3. Nc3 d5 4. cxd5 exd5 5. Bg5 c6 6. e3 Be7 7. Qc2 Nbd7 8. Bd3 Nf8 9. Nf3 Ne6 10. Bh4 g6 11.
O-O O-O 12. Rab1 Ng7 13. b4 a6 14. a4 Bf5 15. b5 axb5 16. axb5 Bxd3 17. Qxd3 Ra3 18. bxc6 bxc6 19. Ne5 Qe8 20. Rfc1 Nf5 21. Bg5 Ne4 22. Bxe7 Nxe7 23. f3 Nxc3 24. Rxc3 Rxc3 25. Qxc3 Qa8 26. Rc1 Rc8 27. h4 f6 28. Nd7 Qa2 29.
Nxf6+ Kf7 30. Ng4 Rb8 31. Ne5+ Kg7 32. Nxc6 Rc8 33. Nb4 Rxc3 34. Nxa2 Rxe3 35. Nb4 Kf6 36. Nc6 Nxc6 37. Rxc6+ Kf5 38. Rd6 Re1+ 39. Kf2 Rd1 40.
Rxd5+ Ke6 41. Rd8 Rd2+ 42. Kg3 h5 43. Rg8 Kf6 44. Rd8 Kf5 45. Rd5+ Ke6 46. Rg5 Kf6 47. d5 Rd4 48. f4 Rd3+ 49. Kf2 Rd4 50. Ke3 Ra4 51. g4 Ra3+ 52. Kd4 Ra4+ 53. Kc5 Rxf4 54. gxh5 gxh5 55. Rxh5 Ke7 56. Rh7+ Kd8 57. h5 Rf6 58. Kd4 Rf1 59. Ke5 Re1+ 60. Kd6 1-0

[Event "Late-Titled-Tuesday-Blitz-July-09-2024"]
[Site "Chess.com"]
[Date "2024.07.09"]
[Round "3"]
[White "Bauman_Guy"]
[Black "vellottiwizard"]
[Result "0-1"]
[WhiteElo "2922"]
[BlackElo "2712"]
[TimeControl "180+1"]
[EndTime "14:28:09 PDT"]
[Termination "vellottiwizard won by resignation"]

1. e4 e6 2. d4 d5 3. Nc3 Bb4 4. e5 c5 5. a3 Bxc3+ 6. bxc3 Ne7 7. Qg4 Qc7 8. Bd3 cxd4 9. Ne2 dxc3 10. Qxg7 Rg8 11.
Qxh7 Qxe5 12. h4 Rxg2 13. Bf4 Qf6 14. Bg5 Qe5 15. f4 Qe3 16. Qh8+ Kd7 17. f5 Qf2+ 18.
Kd1 Nbc6 19. fxe6+ fxe6 20. Qxc3 e5 21. Kc1 e4 22. Bb5 a6 23. Bxc6+ Nxc6 24. Qg7+ Kd6 25. Rd1 Be6 26. Qxb7 Rxg5 27. hxg5 Qe3+ 28. Rd2 Rf8 29. Kb2 Qxd2 30. Nc3 Rb8 31. Qxb8+ Nxb8 32. g6 Qg5 33. Rd1 Qxg6 34. Kb3 Nc6 35. Kb2 Ke7 0-1

[Event "Late-Titled-Tuesday-Blitz-July-09-2024"]
[Site "Chess.com"]
[Date "2024.07.09"]
[Round "3"]
[White "MarlonJodar"]
[Black "JEHUBNER"]
[Result "1-0"]
[WhiteElo "2361"]
[BlackElo "2006"]
[TimeControl "180+1"]
[EndTime "14:28:09 PDT"]
[Termination "MarlonJodar won by resignation"]

1. e4 c5 2. Nf3 Nc6 3. d4 cxd4 4.
Nxd4 g6 5. Nc3 Bg7 6. Be3 Nf6 7.
Bc4 e6 8. Bb3 d5 9. exd5 exd5 10. O-O O-O 11. h3 Be6 12. Re1 Re8 13. Qf3 Ne4 14. Nxe4 dxe4 15. Nxe6 Rxe6 16. Qe2 Re7 17. Rad1 Qc7 18. c3 Ne5 19. Bg5 Ree8 20. Qxe4 Rf8 21.
Qf4 Rae8 22. Bf6 Qc5 23. Bxg7 Kxg7 24. Re3 Nc6 25. Rd5 Qb6 26. Rd7 Nd8 27. Rxe8 Rxe8 28. Bxf7 Rf8 29. Bb3+ Nf7 30. Rxf7+ Rxf7 31. Qxf7+ Kh6 32.
Qf4+ Kg7 33. Qd4+ Qxd4 34. cxd4 Kf6 35. Kf1 1-0

[Event "Late-Titled-Tuesday-Blitz-July-09-2024"]
[Site "Chess.com"]
[Date "2024.07.09"]
[Round "3"]
[White "Fandorine"]
[Black "Oleg_Papayan"]
[Result "1-0"]
[WhiteElo "2928"]
[BlackElo "2609"]
[TimeControl "180+1"]
[EndTime "14:28:10 PDT"]
[Termination "Fandorine won on time"]

1. d4 d5 2. c4 dxc4 3. e3 Nf6 4. Bxc4 e6 5. Nf3 a6 6. O-O c5 7. b3 Nbd7 8. Bb2 b6 9. d5 exd5 10. Bxd5 Nxd5 11. Qxd5 Ra7 12. Rd1 Bb7 13. Qf5 Qe7 14. Nc3 Qe6 15. Qf4 Be7 16. e4 O-O 17. Nd5 Bxd5 18.
exd5 Qd6 19. Qxd6 Bxd6 20. a4 Re8 21. Nd2 Be5 22. Bxe5 Nxe5 23. Nc4 Nxc4 24. bxc4 Re4 25. Rdc1 Kf8 26. Rab1 Rb7 27. Kf1 Ke7 28. a5 b5 29.
cxb5 Rxb5 30. Rxb5 axb5 31. Rxc5 b4 32. Rb5 Kd6 33. a6 1-0

[Event "Late-Titled-Tuesday-Blitz-July-09-2024"]
[Site "Chess.com"]
[Date "2024.07.09"]
[Round "3"]
[White "talaicito"]
[Black "eightbyeightchess"]
[Result "0-1"]
[WhiteElo "2311"]
[BlackElo "2390"]
[TimeControl "180+1"]
[EndTime "14:28:10 PDT"]
[Termination "eightbyeightchess won on time"]

1. d4 d5 2. Bf4 Nf6 3. Nc3 a6 4. e3 c5 5. Nf3 Nc6 6. dxc5 Bg4 7. Be2 e6 8. Na4 Bxc5 9. Nxc5 Qa5+ 10. c3 Qxc5 11.
O-O O-O 12. h3 Bxf3 13. Bxf3 h6 14. a4 Rfd8 15. Qb3 Na5 16. Qa2 Nc4 17. Rfd1 Rac8 18.
Rac1 Nd6 19. Be5 Nde4 20. Qb3 Qe7 21. Rd4 Nc5 22. Qa3 Nfd7 23. Bg3 a5 24. Bh4 f6 25.
Rcd1 Nb6 26. b3 Qe8 27. Qb2 Ncd7 28. Rg4 Kh8 29. Qc2 Ne5 30. Rgd4 Qc6 0-1

[Event "Late-Titled-Tuesday-Blitz-July-09-2024"]
[Site "Chess.com"]
[Date "2024.07.09"]
[Round "3"]
[White "praveenb2002"]
[Black "Slovineanu"]
[Result "1-0"]
[WhiteElo "2842"]
[BlackElo "2527"]
[TimeControl "180+1"]
[EndTime "14:28:11 PDT"]
[Termination "praveenb2002 won by resignation"]

1. Nf3 Nf6 2. c4 e6 3. e3 d5 4. b3 Be7 5. Bb2 O-O 6. Be2 b6 7. O-O Bb7 8. Nc3 dxc4 9. bxc4 c5 10. Qc2 Nbd7 11. d3 h6 12. Nd2 Rc8 13. f4 Qc7 14. e4 Nb8 15. Nb5 Qd7 16. Nxa7 Rcd8 17. Nb5 Nc6 18. a3 Ne8 19. Nf3 Nc7 20. Nxc7 Qxc7 21. e5 f6 22. Rae1 fxe5 23. Nxe5 Bf6 24.
Bg4 Qd6 25. Nxc6 Bxc6 26. Rxe6 Qxd3 27. Qxd3 Rxd3 28. Bxf6 Rxf6 29. Rxf6 gxf6 30. Rb1 Rd2 31. Bh3 Be4 32. Rxb6 Kg7 33. Rb5 Ra2 34. Rxc5 Rxa3 35. Rc7+ Kg6 36. Re7 f5 37. Re6+ Kg7 38. c5 Rc3 39.
Re5 Kf6 40. Kf2 h5 41. Ke2 Rc2+ 42. Ke3 Bxg2 43. Rxf5+ Kg6 44. Rg5+ 1-0

[Event "Late-Titled-Tuesday-Blitz-July-09-2024"]
[Site "Chess.com"]
[Date "2024.07.09"]
[Round "3"]
[White "almaguerjm"]
[Black "Gzucaritas"]
[Result "1-0"]
[WhiteElo "2517"]
[BlackElo "2068"]
[TimeControl "180+1"]
[EndTime "14:28:11 PDT"]
[Termination "almaguerjm won on time"]

1. e4 e6 2. d4 d5 3. e5 c5 4. c3 Nc6 5. Nf3 Nh6 6. Bd3 Nf5 7.
Bxf5 exf5 8. Nbd2 h6 9. h4 Be6 10. dxc5 Bxc5 11. Nb3 Bb6 12. Bf4 Qe7 13. Qe2 O-O-O 14.
O-O-O Na5 15. Nxa5 Bxa5 16. Nd4 a6 17. Kb1 g5 18.
hxg5 hxg5 19. Rxh8 Rxh8 20. Bc1 Kb8 21. Nf3 f4 22. g3 Bg4 23. Rxd5 f6 24. Rxa5 Qd8 25. Rc5 Bf5+ 26. Ka1 Rh1 27. Ne1 f3 28. Qe3 g4 29.
exf6 Qd1 30. Re5 Rxe1 31. Qxe1 Qd3 32. Rxf5 Qxf5 33. Bf4+ 1-0

[Event "Late-Titled-Tuesday-Blitz-July-09-2024"]
[Site "Chess.com"]
[Date "2024.07.09"]
[Round "3"]
[White "Alexander_Khlebovich"]
[Black "giomar27"]
[Result "1-0"]
[WhiteElo "2800"]
[BlackElo "2425"]
[TimeControl "180+1"]
[EndTime "14:28:11 PDT"]
[Termination "Alexander_Khlebovich won by resignation"]

1. d4 g6 2. e4 Bg7 3. Nc3 a6 4. a4 d6 5. h4 Nf6 6. Bg5 Nbd7 7.
Nf3 h6 8. Bf4 Ng4 9. h5 g5 10.
Nxg5 Nxf2 11. Kxf2 hxg5 12. Bxg5 Nf6 13. Be2 Nh7 14.
h6 Bf6 15. Be3 Be6 16. Bf3 Bg5 17. Qd2 Rg8 18. Rh5 Bxe3+ 19. Qxe3 Qd7 20. Rh4 f6 21. d5 Bf7 22. Ne2 f5 23. exf5 Qxf5 24. Qe4 Qxe4 25. Bxe4 Nf6 26. Bf3 Bxd5 27. Nf4 Bxf3 28. gxf3 e5 29.
Ne6 Kd7 30. h7 Rh8 31. Ng5 Raf8 32. c4 Ne8 33. Rg1 Ng7 34. Rh6 Nf5 35. Rg6 Nd4 36.
Rg7+ Kc6 37. Nf7 Nf5 38. Nxh8 Nxg7 39. Ng6 1-0

[Event "Late-Titled-Tuesday-Blitz-July-09-2024"]
[Site "Chess.com"]
[Date "2024.07.09"]
[Round "3"]
[White "th3d4rkness"]
[Black "DanLowinger"]
[Result "0-1"]
[WhiteElo "2260"]
[BlackElo "2410"]
[TimeControl "180+1"]
[EndTime "14:28:12 PDT"]
[Termination "DanLowinger won on time"]

1. e4 e5 2. Nf3 Nc6 3. d4 exd4 4. Bc4 Nf6 5. e5 d5 6. Bb5 Nd7 7. O-O Ndb8 8. Nxd4 Be7 9. Be3 O-O 10. f4 Nxd4 11.
Bxd4 c5 12. Bf2 Bf5 13. Bd3 Bxd3 14. Qxd3 Nc6 15. c3 Qd7 16. Nd2 f6 17. exf6 Rxf6 18. Bh4 Rd6 19. Bxe7 Nxe7 20. Nf3 Qf5 21. Qe3 Ng6 22.
Qxc5 Rc6 23. Nd4 Rxc5 24. Nxf5 Rf8 25. g4 Rc4 26. Nd4 Rxf4 27. Rxf4 Nxf4 28. Rd1 g5 29. Kf2 a6 30. Kf3 b5 31. Nf5 b4 32. Ne3 bxc3 33.
Nxc4 c2 34. Rc1 Nd3 0-1

[Event "Late-Titled-Tuesday-Blitz-July-09-2024"]
[Site "Chess.com"]
[Date "2024.07.09"]
[Round "3"]
[White "Andrei_Skvortsov"]
[Black "Hikaru"]
[Result "0-1"]
[WhiteElo "2798"]
[BlackElo "3213"]
[TimeControl "180+1"]
[EndTime "14:28:14 PDT"]
[Termination "Hikaru won by resignation"]

1. e4 d5 2. e5 c5 3. c3 d4 4. cxd4 cxd4 5. Bb5+ Bd7 6. e6 fxe6 7. Bc4 Qc7 8. d3 Nc6 9. a3 Ne5 10. Nd2 b5 11.
Ba2 Nxd3+ 12. Kf1 Rc8 13. Nb3 Nc5 14. Nxd4 e5 15. Nde2 Nf6 16. Nf3 e6 17. Be3 Ng4 18.
Rc1 Nxe3+ 19. fxe3 e4 20. Nfd4 Qe5 21. Nf4 Bd6 22. b4 Nd3 23. Rxc8+ Bxc8 24. Nxd3 exd3 25. Qxd3 O-O+ 26. Ke2 Qg5 27. Qe4 Kh8 28. h4 Qf6 29. Bb1 Qh6 30. Nf3 e5 31. Qd5 Bg4 32. Rd1 Be7 33.
Be4 Qf6 34. Qxb5 Bc8 35. Qd5 Bg4 36. Rc1 Qa6+ 37. Kf2 Qxa3 38. Qxe5 Bxh4+ 39. Kg1 Qxc1+ 40. Kh2 Bd8 41. Qd6 Bc7 0-1